 Dungeon Sprint DCSS version 0.31-a0-1309-gbf3fed316f (webtiles) character file.

Game seed: 3562459034538933801

1509 Conn the Arsonist (level 8, -2/54 HPs)
             Began as an Octopode Fire Elementalist on Dec 20, 2023.
             Was a Follower of Sif Muna.
             Succumbed to a death drake's dark miasma
             ... in the Dungeon (Sprint II: "The Violet Keep of Menkaure").
             The game lasted 00:08:01 (616 turns).

Conn the Arsonist (Octopode Fire Elementalist)       Turns: 616, Time: 00:08:03

Health: -2/54      AC:  1    Str:  4    XL:     8   Next: 83%
Magic:  6/19       EV: 15    Int: 24    God:    Sif Muna [*.....]
Gold:   325        SH:  0    Dex: 17    Spells: 3/21 levels left

rFire   + .          .
                       - Unarmed
rCold   + . .        (no shield)
rNeg    . . .        (helmet restricted)
rPois   +            (no amulet)
rElec   +            k - +6 ring of intelligence
rCorr   +            (no ring)
SInv    .            (no ring)
Will    .....        (no ring)
Stlth   ++++         (no ring)
HPRegen 0.29/turn    (no ring)
MPRegen 0.16/turn    (no ring)
                     (no ring)

%: no teleportation, clarity
@: lethally poisoned (-2 -> -31), resistant, slowed, very slow
A: almost no armour, amphibious, 8 rings, camouflage 1, gelatinous body 1,
(nimble swimmer 1), tentacles, agile 1, clarity, weak 1, MP-powered wands
a: Renounce Religion, Channel Magic


You were in the Dungeon.
You worshipped Sif Muna.
Sif Muna was aware of your devotion.
You visited 1 branch You collected 494 gold pieces.
You spent 169 gold pieces at shops.

Inventory:

Missiles
 h - 13 poisoned darts
Jewellery
 k - a +6 ring of intelligence (left tentacle)
Scrolls
 e - 2 scrolls of revelation
 f - a scroll of blinking
 g - a scroll of immolation
 l - a scroll of enchant armour
 n - a scroll of amnesia
Potions
 a - 5 potions of magic
 b - 3 potions of curing
 c - 5 potions of heal wounds
 d - 2 potions of lignification
 i - a potion of ambrosia
 j - 2 potions of mutation
 m - a potion of resistance
 o - 2 potions of enlightenment
 p - a potion of might {unknown}


   Skills:
 + Level 4.9 Fighting
 + Level 5.3 Dodging
 - Level 6.0 Stealth
 - Level 4.5 Unarmed Combat
 + Level 7.4 Spellcasting
 * Level 8.1 Conjurations
 - Level 3.0 Hexes
 + Level 11.1 Fire Magic
 * Level 6.0 Invocations


You had 3 spell levels left.
You knew the following spells:

 Your Spells              Type           Power      Damage    Failure   Level
a - Foxfire               Conj/Fire      100%       2x1d9     1%          1
b - Scorch                Fire           100%       2d9       1%          2
c - Inner Flame           Hex/Fire       42%        N/A       1%          3
d - Flame Wave            Conj/Fire      53%        2d13      1%          4
e - Stone Arrow           Conj/Erth      56%        3d10      3%          3
f - Irradiate             Conj/Tmut      14%        3d16      34%         5

Your spell library contained the following spells:

 Spells                   Type           Power      Damage    Failure   Level
 Volatile Blastmotes      Fire/Tloc      70%        2d15      1%          3
 Lehudib's Crystal Spear  Conj/Erth      14%        10d5      100%        8


Dungeon Overview and Level Annotations

Branches:
Dungeon (1/1)

Altars:
Cheibriados
Dithmenos
Elyvilon
Fedhas
Gozag
Hepliaklqana
Kikubaaqudgha
Makhleb
Nemelex Xobeh
Okawaru
Qazlal
Ru
Sif Muna
Trog
Uskayaw
Vehumet
Wu Jian
Xom
Yredelemnul
Zin
The Shining One
Jiyva
Lugonu

Shops:
D :[[::!=*![?(!=(

Annotations:
D exclusion: oklob plant, Roxanne


Innate Abilities, Weirdness & Mutations

You cannot wear most types of armour.
You are amphibious.
You can wear up to eight rings at the same time.
Your skin changes colour to match your surroundings (Stealth+).
Your rubbery body absorbs attacks. (AC +1, EV +1)
((You are camouflaged when in or above water. (Stealth+)))
You have tentacles for arms and can constrict up to eight enemies at once.
You are agile. (Dex +4, Str/Int -1)
You possess an exceptional clarity of mind.
You are weak. (Str -2)
You expend magic power (3 MP) to strengthen your wands.


Message History

(Press . to intensify the flame waves.)
You hear a roar!
The death drake barely misses you.
A wave of flame ripples out!
The flame wave engulfs the death drake.
The death drake is heavily wounded.
The death drake breathes miasma at you. The foul vapour engulfs you!
You feel yourself slow down.
Unknown command.
A wave of flame ripples out!
The flame wave engulfs the death drake!
The death drake is burned terribly!
The death drake is severely wounded.
You finish channelling waves of flame.
You are engulfed in dark miasma.
You hear a roar!
The death drake bites you but does no damage.
The death drake barely misses you.
Unknown command.
Casting: Flame Wave (dangerous; 1% risk of failure)
Confirm with . or Enter, or press ? or * to list all spells.
Casting: Flame Wave (dangerous; 1% risk of failure)
Press: ? - help, Dir - look around, f - activate A wave of flame ripples out!
The flame wave engulfs the death drake!
The death drake is burned terribly!
The death drake is severely wounded. (Press . to intensify the flame waves.)
You are engulfed in dark miasma.
You are poisoned.
You feel very sick.
The death drake is no longer more vulnerable to fire.
The death drake breathes miasma at you. The foul vapour misses you.
The death drake bites you.
* * * LOW HITPOINT WARNING * * *
Unknown command.
Unknown command.
Unknown command.
A wave of flame ripples out!
The flame wave engulfs the death drake!
The death drake is almost dead.
You are engulfed in dark miasma.
You are lethally poisoned!
You feel as though you will be slow longer.
* * * LOW HITPOINT WARNING * * *
You die...

.....#,,+,,,,*,,#)"▓.)....[.▓▓..,
+##..#,,****^*,,#[[▓.)[..)..▓▓.⌠,
,,##.####,,+.##.#:)▓[.(.).(.▓▓$.,
*,,#....#,,*..k####▓.....([(▓▓qY,
,,*###..##**#..##.#▓...[.()(▓▓.G,
+#**w##..#,,+.k#..#▓.[......▓▓.$,
.##.w.#..#,,#^.#..#▓.......(▓▓.⌠,
<.+#*,+..####..##†#▓.......(▓▓..,
.##.#*#....###.k@##▓▓▓▓▓▓▓'▓▓▓▓+▓
†##*w##.....§§§§§§§§~~~~~~.\wXw≈▓
..##*#~~....§§#'########+###V≈w≈▓
#..#~~~~~~~§§~#_._.....#l~§##≈≈≈▓
#.##~~~§~~§~§~#._._....#l~§≈####▓
'##~~~§§§~§~~~#_._._...#~~~§§#*,,
~~~~~§§≈§≈≈~~~#._._._..#~§~≈§§*,,
#+++#~§§≈≈§§§~#_._._._.#§§~~~≈+,,
§~~,##≈§§###≈§#._._._._#~~~~≈l*,,


You could see a death drake.

Vanquished Creatures
  A yaktaur (D)
  3 polar bears (D)
  A hornet (D)
  Menkaure (D)
  A crocodile (D)
  4 necrophages (D)
11 creatures vanquished.

Vanquished Creatures (others)
  10 foxfires (D)
  4 tentacles (D)
14 creatures vanquished.

Grand Total: 25 creatures vanquished

Notes
Turn   | Place    | Note
-------+----------+-------------------------------------------
     0 | D        | Conn the Octopode Fire Elementalist began the quest for the
                  | Orb.
     0 | D        | Reached XP level 1. HP: 11/11 MP: 3/3
     5 | D        | Noticed a necrophage
     5 | D        | Noticed a necrophage
     5 | D        | Noticed a necrophage
     5 | D        | Noticed a necrophage
    12 | D        | Killed a necrophage
    13 | D        | Reached skill level 5 in Fire Magic
    13 | D        | Reached XP level 2. HP: 13/20 MP: 4/6
    13 | D        | Reached XP level 3. HP: 16/25 MP: 4/7
    13 | D        | Reached XP level 4. HP: 20/30 MP: 4/8
    17 | D        | Killed a necrophage
    18 | D        | Reached skill level 6 in Fire Magic
    18 | D        | Reached XP level 5. HP: 25/36 MP: 4/10
    29 | D        | Reached skill level 7 in Fire Magic
    29 | D        | Reached XP level 6. HP: 10/44 MP: 5/12
    45 | D        | Learned a level 2 spell: Scorch
    49 | D        | Learned a level 3 spell: Inner Flame
    54 | D        | Learned a level 4 spell: Flame Wave
    59 | D        | Noticed Roxanne
    64 | D        | Found Saip's Antique Weapon Emporium.
    65 | D        | Found Sijam's Distillery.
    65 | D        | Found Xuakit's Antique Weapon Shoppe.
    66 | D        | Found Ulex's Armour Emporium.
    66 | D        | Found Udet's Distillery.
    66 | D        | Found Ilaugyar's Jewellery Shoppe.
    66 | D        | Found Gaehit's General Store.
    67 | D        | Found Zurioh's Distillery.
    67 | D        | Found Cyasseh's Book Shoppe.
    67 | D        | Found Xuproem's Magic Scroll Emporium.
    67 | D        | Found Qoussih's Book Shoppe.
    67 | D        | Noticed a yak
    68 | D        | Found Hasecal's Jewellery Shoppe.
    70 | D        | Found Eshupp's Antique Armour Shoppe.
    70 | D        | Found Ocamusch's Antique Armour Emporium.
    70 | D        | Noticed Menkaure
    70 | D        | Noticed a yak
    70 | D        | Noticed a yak
    70 | D        | Noticed an oklob plant
    71 | D        | Found Zettun's Book Shoppe.
    76 | D        | Noticed a wyvern
    77 | D        | Noticed a wyvern
    78 | D        | Bought a potion of lignification for 30 gold pieces
    78 | D        | Bought 2 potions of heal wounds for 100 gold pieces
    82 | D        | Bought a potion of curing for 39 gold pieces
   109 | D        | Killed Menkaure
   110 | D        | Reached skill level 5 in Stealth
   110 | D        | Reached skill level 5 in Conjurations
   110 | D        | Reached skill level 8 in Fire Magic
   130 | D        | Found an iron altar of Okawaru.
   130 | D        | Found a radiant altar of Vehumet.
   131 | D        | Found a sparkling altar of Nemelex Xobeh.
   131 | D        | Found a hide-covered altar of Uskayaw.
   131 | D        | Found a glowing silver altar of Zin.
   132 | D        | Found an opulent altar of Gozag.
   132 | D        | Found a burning altar of Makhleb.
   132 | D        | Found a bloodstained altar of Trog.
   132 | D        | Found a basalt altar of Yredelemnul.
   138 | D        | Reached skill level 5 in Spellcasting
   138 | D        | Reached skill level 9 in Fire Magic
   138 | D        | Reached XP level 7. HP: 24/49 MP: 9/14
   139 | D        | Found a shimmering altar of Xom.
   140 | D        | Found a blossoming altar of Fedhas.
   140 | D        | Found a corrupted altar of Lugonu.
   140 | D        | Found a shimmering blue altar of Sif Muna.
   141 | D        | Found a white marble altar of Elyvilon.
   141 | D        | Found an ancient bone altar of Kikubaaqudgha.
   141 | D        | Found a sacrificial altar of Ru.
   142 | D        | Found a shadowy altar of Dithmenos.
   142 | D        | Found a viscous altar of Jiyva.
   143 | D        | Found a snail-covered altar of Cheibriados.
   145 | D        | Found a hazy altar of Hepliaklqana.
   146 | D        | Found a glowing golden altar of the Shining One.
   146 | D        | Found an ornate altar of the Wu Jian Council.
   146 | D        | Found a stormy altar of Qazlal.
   153 | D        | Became a worshipper of Sif Muna the Loreminder
   168 | D        | Noticed a kraken
   241 | D        | Got Ihairhyz's Precepts of Metallic Variation
   281 | D        | Noticed a lorocyproca
   281 | D        | Noticed a purple draconian shifter
   281 | D        | Noticed a hellephant
   281 | D        | Noticed a yaktaur
   281 | D        | Noticed a glowing orange brain
   281 | D        | Noticed a hornet
   281 | D        | Noticed a polar bear
   286 | D        | Gained mutation: You expend magic power (3 MP) to
                  | strengthen your wands. [potion of mutation]
   286 | D        | Gained mutation: You are weak. (Str -2) [potion of
                  | mutation]
   286 | D        | Gained mutation: You possess an exceptional clarity of
                  | mind. [potion of mutation]
   286 | D        | Gained mutation: You are agile. (Dex +4, Str/Int -1)
                  | [potion of mutation]
   393 | D        | Noticed a polar bear
   402 | D        | Killed a polar bear
   402 | D        | Killed a hornet
   403 | D        | Reached skill level 10 in Fire Magic
   403 | D        | Reached XP level 8. HP: 54/54 MP: 1/17
   404 | D        | Killed a polar bear
   404 | D        | Reached * piety under Sif Muna
   405 | D        | Reached skill level 5 in Dodging
   412 | D        | Killed a yaktaur
   413 | D        | Reached skill level 5 in Invocations
   497 | D        | Noticed a polar bear
   503 | D        | Killed a polar bear
   504 | D        | Reached skill level 11 in Fire Magic
   586 | D        | Learned a level 3 spell: Stone Arrow
   592 | D        | Learned a level 5 spell: Irradiate
   595 | D        | Noticed a death drake
   616 | D        | Succumbed to a death drake's dark miasma

Illustrated notes

Levels and vault maps discovered:
D:        the_violet_keep_of_menkaure [sprint2_stairs_cluster_1,
          sprint2_shoproom, sprint2_temple, sprint2_basic_supplies,
          sprint2_obstacle_6, sprint2_obstacle_3, sprint2_obstacle_7,
          sprint2_obstacle_5, sprint2_obstacle_4, sprint2_timed_cluster_1,
          sprint2_smallroom_cluster_1, sprint2_smallroom_final_cluster_1,
          sprint2_transparent_cluster_1, sprint2_second_timed_cluster_1,
          sprint2_sniper_area_1, sprint2_heavy_combat_area_1,
          sprint2_mutation_trap_area_1, sprint2_forest_area_1,
          sprint2_light_combat_area_1, sprint2_behind_water_1,
          sprint2_near_end_vault_1]

Skill      XL: |  1  2  3  4  5  6  7  8 |
---------------+-------------------------+-----
Fighting       | 2 3 4 |  4.9
Stealth        | 3 4 6 |  6.0
Unarmed Combat | 2 3 4 |  4.5
Spellcasting   | 3 4 5 6 7 |  7.4
Conjurations   | 2 3 4 5 6 8 |  8.1
Fire Magic     | 5 6 7 9 10 11 | 11.1
Dodging        | 3 4 5 |  5.3
Hexes          | 3 |  3.0
Invocations    | 3 6 |  6.0

Action                     |  1- 3 |  4- 6 |  7- 9 || total
---------------------------+-------+-------+-------++-------
  Melee: Unarmed           |     5 |    15 |     1 ||    21
         Tentacles         |     1 |     6 |       ||     7
         Constrict         |     1 |     3 |       ||     4
   Cast: Foxfire           |       |     5 |     1 ||     6
         Scorch            |       |     1 |     4 ||     5
         Flame Wave        |       |       |     8 ||     8
    Use: Potion            |     2 |       |     7 ||     9
         Scroll            |       |       |     5 ||     5
 Armour: Skin              |     1 |     5 |    39 ||    45
  Dodge: Dodged            |     2 |     7 |    12 ||    21

Table legend: (Time is in decaauts)
 A = Elapsed time spent in this place.
 B = Non-inter-level travel time spent in this place.
 C = Inter-level travel time spent in this place.
 D = Time resting spent in this place.
 E = Time spent auto-exploring this place.
 F = Levels seen in this place.
 G = Mean time per level.
                   A        B        C        D        E       F      G
               +--------+--------+--------+--------+--------+-----+--------+
         Total |    606 |    606 |      0 |    227 |      0 |   1 |  606.0 |
       Dungeon |    606 |    606 |      0 |    227 |      0 |   1 |  606.0 |
               +--------+--------+--------+--------+--------+-----+--------+

Top non-repeatable levels by time:
       D: 606 daAuts
